cohdb
Replays
Latest Replays
All Replays
Popular Replays
Top Player Replays
Match Explorer
How It Works
Community
CoH3 Stats
Reddit
Sign in to upload your games and track your stats! →
Sign in with Steam
Match 45602331
Unlisted
Match 45602331
Overview
Messages
Build Orders
End
Scout Squad
Construct Weapon Support Center
Engineer Squad
M1919 Machine Gun Team
M1919 Machine Gun Team
Infantry Support Center
Selects Special Operations Battlegroup
Selects Smoke Screen
Advanced Logistics
Construct Medical Station
Selects SSF Commando Squad
SSF Commando Squad
Smoke Screen
Survival Training
SSF Commando Squad
Improved M9 Bazooka Rockets
SSF Commando Squad
SSF Commando Squad
Construct Tank Depot
nub
oziligath
Cpt Darling
jwalker987
0
0
Comments
sign in to comment!
No comments posted yet!